 Dungeon Crawl Stone Soup version 0.31.0-32-g396128a36d (webtiles) character file.

Game seed: 1419469394168322000

2727 monsoonserge the Ruffian (level 9, -5/55 HPs)
             Began as an Octopode Artificer on Apr 7, 2024.
             Was an Initiate of Ru.
             Slain by an orc warrior
             ... wielding a +0 halberd
              (9 damage)
             ... on level 7 of the Dungeon.
             The game lasted 00:31:10 (6339 turns).

monsoonserge the Ruffian (Octopode Artificer)       Turns: 6339, Time: 00:31:10

Health: -5/55      AC:  1    Str: 15    XL:     9   Next: 67%
Magic:  10/12      EV: 14    Int: 13    God:    Ru [......]
Gold:   387        SH:  0    Dex: 13    Spells: 7/12 levels left

rFire   . .          .
                       - Unarmed
rCold   . . .        (no shield)
rNeg    + . .        (helmet currently unavailable)
rPois   +            (no amulet)
rElec   .            n - ring of positive energy
rCorr   .            r - ring of wizardry
SInv    .            C - ring of poison resistance
Will    .....        (no ring)
Stlth   +++          (no ring)
HPRegen 0.29/turn    (no ring)
MPRegen 0.13/turn    (no ring)
                     (no ring)

%: wizardry (x1)
@: about to teleport, beast-form, attractive, on blink cooldown
A: beast (slay +3), almost no armour, amphibious, 8 rings, camouflage 1,
gelatinous body 1, (nimble swimmer 1), tentacles
a: Begin Untransformation, Renounce Religion


You were on level 7 of the Dungeon.
You worshipped Ru.
Ru was noncommittal.
You were a hulking beast.
You visited 2 branches of the dungeon, and saw 9 of its levels.

You collected 387 gold pieces.

Inventory:

Missiles
 j - a throwing net
 q - 5 boomerangs (quivered)
 y - a poisoned dart
 G - 2 curare-tipped darts
Jewellery
 n - a ring of positive energy (left tentacle)
 r - a ring of wizardry (right tentacle)
 C - a ring of poison resistance (on tentacle)
Talismans
 s - a beast talisman (active)
 t - a talisman of death
Wands
 b - a wand of flame (2)
 c - a wand of charming (14)
 d - a wand of iceblast (3)
 A - a wand of mindburst (12)
Scrolls
 e - 3 scrolls of teleportation
 f - 4 scrolls of torment {unknown}
 g - 2 scrolls of revelation
 i - 2 scrolls of immolation
 k - a scroll of silence {unknown}
 m - a scroll of fog {unknown}
 u - a scroll of enchant armour {unknown}
 v - 2 scrolls of amnesia {unknown}
 D - a scroll of fear {unknown}
Potions
 a - 2 potions of ambrosia
 h - a potion of attraction
 l - a potion of mutation {unknown}
 o - 2 potions of cancellation
 w - a potion of haste {unknown}
 x - a potion of invisibility {unknown}
 B - a potion of heal wounds {unknown}
 E - a potion of brilliance {unknown}
 F - a potion of lignification {unknown}


   Skills:
 + Level 2.3 Fighting
 - Level 2.0 Short Blades
 + Level 2.5 Throwing
 + Level 3.8 Dodging
 + Level 4.0 Stealth
 * Level 7.7 Unarmed Combat
 - Level 2.0 Spellcasting
 * Level 2.9 Necromancy
 - Level 3.0 Translocations
 + Level 4.3 Evocations
 + Level 5.2 Shapeshifting


You had 7 spell levels left.
You knew the following spells:

 Your Spells              Type           Power      Damage    Failure   Level
a - Blink                 Tloc           18%        N/A       4%          2
b - Fugue of the Fallen   Necr           9%         N/A       9%          3

Your spell library contained the following spells:

 Spells                   Type           Power      Damage    Failure   Level
 Lesser Beckoning         Tloc           18%        N/A       4%          2
 Sublimation of Blood     Necr           9%         N/A       4%          2
 Momentum Strike          Conj/Tloc      10%        3d8       9%          2
 Vampiric Draining        Necr           9%         2d6       9%          3
 Foxfire                  Conj/Fire      4%         2x1d4     11%         1
 Slow                     Hex            4%         N/A       11%         1
 Ensorcelled Hibernation  Hex/Ice        2%         N/A       16%         2
 Call Canine Familiar     Summ           1%         N/A       28%         3
 Confusing Touch          Hex            1%         N/A       28%         3
 Sigil of Binding         Hex            1%         N/A       28%         3
 Anguish                  Hex/Necr       2%         N/A       45%         4
 Dimensional Bullseye     Hex/Tloc       2%         N/A       45%         4
 Petrify                  Alch/Erth      1%         N/A       65%         4
 Irradiate                Conj/Alch      0%         3d11      93%         5
 Plasma Beam              Fire/Air       0%         2x1d10    100%        6
 Starburst                Conj/Fire      0%         6d3       100%        6


Dungeon Overview and Level Annotations

Branches:
Dungeon (8/15)             Temple (1/1) D:6
   Lair: D:8-11

Altars:
Ashenzari
Cheibriados
Dithmenos
Elyvilon
Fedhas
Makhleb
Qazlal
Ru
Sif Muna
Trog
Uskayaw
Wu Jian
Xom
The Shining One

Annotations:
D:7 Prince Ribbit


Innate Abilities, Weirdness & Mutations

You are a hulking beast.
Your limbs bulge with bestial killing power. (Slay +3)
You cannot wear most types of armour.
You are amphibious.
You can wear up to eight rings at the same time.
Your skin changes colour to match your surroundings (Stealth+).
Your rubbery body absorbs attacks. (AC +1, EV +1)
((You are camouflaged when in or above water. (Stealth+)))
You have tentacles for arms and can constrict up to eight enemies at once.


Message History

You constrict the bullfrog. The bullfrog closely misses you.
Unknown command.
You bludgeon the bullfrog!
The bullfrog is severely wounded.
You constrict the bullfrog. The bullfrog hits you!
Unknown command.
You bludgeon the bullfrog!
You kill the bullfrog!
Unknown command.
You closely miss the bullfrog. Your grab misses the bullfrog.
The bullfrog completely misses you. The bullfrog hits you!
* * * LOW HITPOINT WARNING * * *
Unknown command.
Casting: Blink (safe; 4% risk of failure)
Confirm with . or Enter, or press ? or * to list all spells.
You blink.
An orc comes into view. It is wielding a +0 trident.
Found a scroll of revelation.
Unknown command.
Okay, then.
It was a potion of attraction.
You feel attractive to monsters. The orc warrior closely misses you.
The orc warrior is attracted toward you.
The orc is attracted toward you. x2
As you read the scroll of teleportation, it crumbles to dust.
You feel strangely unstable. The orc completely misses you.
The orc barely misses you. The bullfrog barely misses you.
The steam dragon barely misses you. The steam dragon claws you.
* * * LOW HITPOINT WARNING * * *
The orc is attracted toward you. x2
Unknown command.
Aiming: Charm
Press: ? - help, Shift-Dir - straight line, f - orc warrior
Aim: an orc warrior, wielding a +0 halberd and wearing a +0 chain mail (chance to affect: 60%)
The orc warrior resists with significant effort.
The bullfrog hits you.
* * * LOW HITPOINT WARNING * * *
The orc warrior hits you with a +0 halberd!
You die...

.......
.......... .#
.......... #..
#..)..§..#
#...##
##........#
....#
#.........?
#..###..§.§.....
#...†>..oo......
#.###..Fho......
.. #..D........
..##../#.
###........#
.........
#.......##
#........
#.#######
......F #.#
...... #.# #...#
#.#### ...######
#....#


You could see a steam dragon, an orc warrior, a bullfrog and 2 orcs.

Vanquished Creatures
  A two-headed ogre (D:8)
  Psyche (D:8)
  Sigmund (D:5)
  Menkaure (D:5)
  Duvessa (D:5)
  4 black bears
  An ice beast (D:5)
  Blork the orc (D:4)
  2 scorpions
  2 bullfrogs
  Dowan (D:5)
  2 howler monkeys
  6 hounds
  An orc priest (D:6)
  Crazy Yiuf (D:6)
  A sleepcap (D:5)
  5 iguanas
  4 gnolls (D:4)
  5 adders
  2 white imps
  2 ufetubi (D:6)
  A ribbon worm (D:3)
  The ghost of flammie80 the Trooper, a weakling FoMo (D:4)
  4 dart slugs
  8 orcs
  5 bats (D:1)
  10 endoplasms
  4 giant cockroaches
  7 goblins
  9 hobgoblins
  4 jackals (D:4)
  4 quokkas
  5 ball pythons
  5 frilled lizards
  11 kobolds
  3 rats
126 creatures vanquished.

Notes
Turn   | Place    | Note
-------+----------+-------------------------------------------
     0 | D:1      | monsoonserge the Octopode Artificer began the quest for the
                  | Orb.
     0 | D:1      | Reached XP level 1. HP: 13/13 MP: 1/1
   102 | D:1      | Reached skill level 1 in Unarmed Combat
   178 | D:1      | Reached XP level 2. HP: 18/18 MP: 2/2
   231 | D:1      | Reached skill level 2 in Unarmed Combat
   337 | D:1      | Reached XP level 3. HP: 21/23 MP: 3/3
   609 | D:1      | Reached skill level 3 in Unarmed Combat
  1051 | D:2      | Found a faded altar of an unknown god.
  1666 | D:3      | Reached XP level 4. HP: 25/28 MP: 4/4
  2249 | D:3      | Reached skill level 4 in Unarmed Combat
  2397 | D:3      | Reached skill level 1 in Shapeshifting
  2397 | D:3      | Reached XP level 5. HP: 16/33 MP: 5/5
  2559 | D:4      | Found a runed translucent door.
  2561 | D:4      | Noticed flammie80's ghost (weakling FoMo)
  2822 | D:4      | Reached skill level 5 in Unarmed Combat
  2938 | D:4      | Noticed Blork the orc
  2975 | D:4      | Killed Blork the orc
  2976 | D:4      | Reached XP level 6. HP: 30/38 MP: 6/6
  3396 | D:4      | Reached skill level 1 in Short Blades
  3789 | D:5      | Entered Level 5 of the Dungeon
  4027 | D:5      | Noticed an ice beast
  4085 | D:5      | Reached XP level 7. HP: 43/43 MP: 7/7
  4088 | D:5      | Noticed Menkaure
  4092 | D:5      | Killed Menkaure
  4093 | D:5      | Reached skill level 1 in Throwing
  4093 | D:5      | Reached skill level 6 in Unarmed Combat
  4319 | D:5      | Reached XP level 8. HP: 50/50 MP: 8/8
  4329 | D:5      | Learned a level 2 spell: Blink
  4405 | D:5      | Noticed Sigmund
  4410 | D:5      | Killed Sigmund
  4487 | D:5      | Reached skill level 1 in Spellcasting
  4487 | D:5      | Reached skill level 1 in Translocations
  4640 | D:5      | Noticed Dowan
  4672 | D:6      | Found a staircase to the Ecumenical Temple.
  4689 | Temple   | Found a transporter.
  4689 | Temple   | Found a transporter.
  4689 | Temple   | Found a transporter.
  4689 | Temple   | Found a transporter.
  4689 | Temple   | Entered the Ecumenical Temple
  4742 | Temple   | Became a worshipper of Ru the Awakened
  4864 | D:6      | Found a white marble altar of Elyvilon.
  4937 | D:6      | Learned a level 3 spell: Fugue of the Fallen
  5039 | D:6      | Reached skill level 7 in Unarmed Combat
  5192 | D:6      | Reached skill level 1 in Necromancy
  5495 | D:4      | Killed flammie80's ghost
  5567 | D:5      | Noticed Duvessa
  5584 | D:5      | Killed Duvessa
  5585 | D:5      | Reached XP level 9. HP: 26/54 MP: 11/11
  5586 | D:5      | Killed Dowan
  5879 | D:6      | Found a runed translucent door.
  5880 | D:6      | Noticed Crazy Yiuf
  5889 | D:6      | Killed Crazy Yiuf
  6009 | D:7      | Noticed Prince Ribbit
  6289 | D:8      | Noticed Psyche
  6293 | D:8      | Killed Psyche
  6293 | D:8      | Noticed a two-headed ogre
  6302 | D:8      | Killed a two-headed ogre
  6303 | D:8      | Reached skill level 5 in Shapeshifting
  6339 | D:7      | Slain by an orc warrior

Illustrated notes

Levels and vault maps discovered:
D:1:      nzn_arrival_crosshair, layout_loops_corners, minmay_heptomino_w4
D:2:      layout_rooms, basic_ecumenical_altar, kennysheep_another_room
D:3:      minmay_spotlight, layout_loops_ring
D:4:      layout_basic, hellmonk_ghost_happy_afterlife, uniq_blork_the_orc
D:5:      layout_basic, kennysheep_minor_cross, minmay_quadrilaterals,
          uniq_menkaure, uniq_sigmund, uniq_duvessa
D:6:      layout_rooms, nicolae_elyvilon_peaceful_grove, temple_pool_b,
          uniq_crazy_yiuf_cottage
D:7:      layout_rooms, yredelemnul_forgotten_temple_becter,
          mainiacjoe_overflow_alcove_3, hangedman_decor_opposing,
          uniq_prince_ribbit1, uniq_pikel
D:8:      layout_rooms, mainiacjoe_overflow_boulevard, uniq_maurice,
          uniq_maggie, uniq_psyche, uniq_erica
Temple:   hellmonk_temple_divided_pantheon

Skill      XL: |  1  2  3  4  5  6  7  8  9 |
---------------+----------------------------+-----
Unarmed Combat | 1 2 3 4 5 6 7 |  7.7
Shapeshifting  | 1 2 3 4 5 |  5.2
Short Blades   | 1 2 |  2.0
Throwing       | 1 2 |  2.5
Evocations     | 4 |  4.3
Stealth        | 2 3 4 |  4.0
Fighting       | 2 |  2.3
Spellcasting   | 1 2 |  2.0
Translocations | 2 3 |  3.0
Dodging        | 3 |  3.8
Necromancy     | 1 2 |  2.9

Action                     |  1- 3 |  4- 6 |  7- 9 || total
---------------------------+-------+-------+-------++-------
  Melee: Falchion          |    39 |       |       ||    39
         Constrict         |    21 |    26 |    26 ||    73
         Tentacles         |    14 |    19 |    27 ||    60
         Dagger            |    41 |   129 |    92 ||   262
         Punch             |     1 |    10 |     5 ||    16
         Unarmed           |       |       |    13 ||    13
  Throw: Dart              |       |    18 |    12 ||    30
         Boomerang         |       |       |     1 ||     1
   Cast: Blink             |       |       |     1 ||     1
  Evoke: Wand              |       |     4 |    16 ||    20
    Use: Potion            |       |       |     2 ||     2
         Scroll            |       |       |     6 ||     6
   Stab: Sleeping          |    15 |     7 |     4 ||    26
 Armour: Skin              |    39 |    30 |    42 ||   111
  Dodge: Dodged            |    48 |    44 |    60 ||   152
   Form: Beast             |       |     1 |       ||     1
